[Event "*** Titled Tuesday Blitz"]
[Site "Chess.com"]
[Date "2020.05.12"]
[Round "1"]
[White "LittlePeasant"]
[Black "Djager97"]
[Result "1-0"]
[WhiteElo "2755"]
[BlackElo "2399"]
[TimeControl "180+1"]
[EndTime "10:05:41 PDT"]
[Termination "LittlePeasant won by resignation"]

1. Nf3 d5 2. c4 e6 3. b3 Nf6 4. g3 b6 5. Bg2 Bb7 6. O-O Be7 7. Bb2 O-O 8. e3 c5 9. Nc3 h6 10. Qe2 Nbd7 11. Rfd1 Rc8 12. h3 Qc7 13. Rac1 Qb8 14. cxd5 Nxd5 15. Nxd5 Bxd5 16. e4 Bb7 17. d3 Rfd8 18. a3 Bf6 19. b4 Ne5 20. bxc5 Nxf3+ 21. Bxf3 Bxb2 22. Qxb2 bxc5 23. Rb1 Ba8 24. Qc3 Qd6 25. Kg2 e5 26. Rb5 Qd4 27. Qxd4 Rxd4 28. Ra5 Rc7 29.
Be2 c4 30. Rxe5 c3 31. Re8+ Kh7 32. Rxa8 c2 33. Rc1 Ra4 34. Rb8 Rxa3 35. Rb2 Rac3 36. d4 a5 37. d5 a4 38. d6 R7c5 39. d7 a3 40. Ra2 1-0

[Event "*** Titled Tuesday Blitz"]
[Site "Chess.com"]
[Date "2020.05.12"]
[Round "1"]
[White "FairChess_on_YouTube"]
[Black "CrushingKings"]
[Result "1-0"]
[WhiteElo "3072"]
[BlackElo "2463"]
[TimeControl "180+1"]
[EndTime "10:05:42 PDT"]
[Termination "FairChess_on_YouTube won by checkmate"]

1. e4 c6 2. Nf3 g6 3. d4 Bg7 4.
Nc3 d5 5. h3 Nh6 6. Bd3 f6 7.
Be3 Nf7 8. Qd2 O-O 9. O-O-O a6 10. h4 Bg4 11. h5 Bxh5 12. Rxh5 gxh5 13. Rh1 e5 14.
Rxh5 h6 15. Nh4 dxe4 16. Nxe4 exd4 17. Bxh6 Nxh6 18. Rxh6 Qd5 19. Rg6 Nd7 20. Qh6 Rf7 21. Nd6 Ne5 22. Bc4 Nxc4 23. Nhf5 Nxd6 24. Rxg7+ Kf8 25. Qh8# 1-0

[Event "*** Titled Tuesday Blitz"]
[Site "Chess.com"]
[Date "2020.05.12"]
[Round "1"]
[White "babyking1205"]
[Black "PhotoChess"]
[Result "1-0"]
[WhiteElo "2467"]
[BlackElo "1751"]
[TimeControl "180+1"]
[EndTime "10:05:43 PDT"]
[Termination "babyking1205 won by resignation"]

1. e4 c5 2. Nf3 Nc6 3. d4 cxd4 4. Nxd4 Nf6 5. Nc3 e5 6. Ndb5 h6 7. Nd6+ Bxd6 8. Qxd6 Qe7 9. Qd1 O-O 10. Bc4 Rd8 11.
O-O Qb4 12. Qd3 Nd4 13. Be3 Nxc2 14. Bxf7+ Kxf7 15. Qxc2 d5 16. exd5 Nxd5 17. Nxd5 Rxd5 18. Rad1 Be6 19. Rxd5 Bxd5 20. Qf5+ Kg8 21. Qxe5 Qe4 22. Qxe4 Bxe4 23. Rc1 Bc6 24. b4 a6 25. f3 Re8 26. Kf2 Rd8 27. Re1 Rd3 28. Re2 Ra3 29. Bd4 Bd5 30. Re7 Rxa2+ 31. Kg3 Rd2 32. Rxg7+ Kf8 33.
Bf6 Bf7 34. Rh7 h5 35. Rh8+ Bg8 36. Rxh5 Rd6 37. Bg5 Rb6 38. Be3 Rxb4 39. Bc5+ 1-0

[Event "*** Titled Tuesday Blitz"]
[Site "Chess.com"]
[Date "2020.05.12"]
[Round "1"]
[White "dennisodessa"]
[Black "Didici"]
[Result "0-1"]
[WhiteElo "2313"]
[BlackElo "2634"]
[TimeControl "180+1"]
[EndTime "10:05:44 PDT"]
[Termination "Didici won by resignation"]

1. d4 d5 2. c4 e6 3. Nc3 Nf6 4.
cxd5 exd5 5. Bg5 Bb4 6. Qa4+ Nc6 7. Nf3 h6 8. Bh4 g5 9. Bg3 Ne4 10. Rc1 O-O 11. e3 h5 12. h3 Nxg3 13. fxg3 Bd6 14.
Ne2 Qe7 15. Qb3 Be6 16. a3 Na5 17. Qd3 Nc4 18. Nd2 Nxb2 19. Qc2 Bxa3 20. Ra1 Nc4 21. Nxc4 dxc4 22. e4 b5 23. d5 Bd7 24. Nd4 Bb4+ 25.
Kd1 Qe5 26. Qb2 Bc5 0-1

[Event "*** Titled Tuesday Blitz"]
[Site "Chess.com"]
[Date "2020.05.12"]
[Round "1"]
[White "AlexTriapishko"]
[Black "Kolle05"]
[Result "1-0"]
[WhiteElo "2769"]
[BlackElo "2405"]
[TimeControl "180+1"]
[EndTime "10:05:45 PDT"]
[Termination "AlexTriapishko won on time"]

1. e4 c5 2. Nf3 d6 3. d4 cxd4 4. Nxd4 Nf6 5. Nc3 a6 6. h3 e6 7. g4 Be7 8. Bg2 Nfd7 9. O-O O-O 10. b3 Nc6 11. Bb2 Qc7 12. Kh1 Rb8 13. f4 b5 14.
Nf5 exf5 15. Nd5 Qd8 16. exf5 Bb7 17. g5 Bxg5 18. fxg5 Qxg5 19. f6 g6 20. Bc1 Qe5 21. Bf4 Qd4 22. Ne7+ Kh8 23. Nxc6 Qxf6 24. Bxd6 1-0

[Event "*** Titled Tuesday Blitz"]
[Site "Chess.com"]
[Date "2020.05.12"]
[Round "1"]
[White "enzovsky"]
[Black "ckgchess"]
[Result "0-1"]
[WhiteElo "2333"]
[BlackElo "2659"]
[TimeControl "180+1"]
[EndTime "10:05:45 PDT"]
[Termination "ckgchess won by resignation"]

1. e4 c5 2. Nf3 d6 3. d4 cxd4 4. Nxd4 Nf6 5. Nc3 a6 6. Bg5 e6 7.
f4 Qb6 8. Qd2 Qxb2 9. Rb1 Qa3 10. e5 h6 11. Bh4 dxe5 12. fxe5 Nfd7 13. Ne4 Qxa2 14. Rd1 Qb2 15. Nb3 Nc6 16. Be2 Bb4 17. c3 Qxd2+ 18. Rxd2 Be7 19. Nd6+ Kf8 20. Bxe7+ Kxe7 21. O-O Ndxe5 22. Nxc8+ Raxc8 23. Nc5 Na5 24. Ne4 Rhd8 25.
Rb2 Rc7 26. Rfb1 f5 27. Ng3 Rxc3 28. Ra1 Rc5 29. Nh5 g6 30. Nf4 g5 31. Nh5 Nec6 32.
Ng3 Rd4 33. Bf3 Rb4 34. Rd2 Nd4 35. Bd1 Nab3 36. Bxb3 Nxb3 37. Rb1 Nxd2 38. Rxb4 b5 39. Rd4 Rc1+ 40. Kf2 Rc2 41. Ke3 f4+ 42. Kd3 fxg3 43.
hxg3 Rc4 0-1

[Event "*** Titled Tuesday Blitz"]
[Site "Chess.com"]
[Date "2020.05.12"]
[Round "1"]
[White "narutosmith"]
[Black "GMartin_Petrov"]
[Result "0-1"]
[WhiteElo "2251"]
[BlackElo "2580"]
[TimeControl "180+1"]
[EndTime "10:05:46 PDT"]
[Termination "GMartin_Petrov won by resignation"]

1. c4 c5 2. Nc3 Nf6 3. g3 d5 4. cxd5 Nxd5 5. Bg2 Nc7 6. Qa4+ Nd7 7. Nf3 g6 8. d4 Bg7 9. dxc5 O-O 10. Be3 Ne6 11.
Rd1 Ndxc5 12. Rxd8 Bxc3+ 13. bxc3 Nxa4 14. Rxf8+ Kxf8 15. O-O Nxc3 16. Re1 f6 17. Kh1 Bd7 18. Nd4 Nxd4 19. Bxd4 Nb5 20. Be3 Bc6 21. Rc1 Rc8 22. Kg1 a6 23. a4 Nd6 24. Bb6 Bxg2 25. Rxc8+ Nxc8 0-1

[Event "*** Titled Tuesday Blitz"]
[Site "Chess.com"]
[Date "2020.05.12"]
[Round "1"]
[White "vugarrasulov"]
[Black "2nd_life"]
[Result "1-0"]
[WhiteElo "2783"]
[BlackElo "2411"]
[TimeControl "180+1"]
[EndTime "10:05:47 PDT"]
[Termination "vugarrasulov won on time"]

1. e4 e5 2. Nf3 Nc6 3. Bb5 a6 4. Ba4 Nf6 5. O-O Be7 6. Re1 b5 7. Bb3 d6 8. c3 O-O 9. h3 Bb7 10. d3 Re8 11. Nbd2 Bf8 12. Nf1 Na5 13. Bc2 c5 14.
Ng3 g6 15. a4 Bg7 16. Bg5 h6 17. Be3 Qc7 18. Nh2 d5 19. Qf3 dxe4 20. dxe4 Nc4 21. Bc1 Kh7 22. Ng4 Nxg4 23. hxg4 Kg8 24. Nf1 Bc6 25. b3 Nd6 26. Ne3 Qb7 27. axb5 axb5 28. Rxa8 Qxa8 29. Nd5 Bxd5 30. exd5 c4 31. bxc4 bxc4 32.
Qh3 Qxd5 33. Bxh6 Qe6 34. Rd1 Nb5 35. Ba4 Rb8 36. Bxb5 1-0

[Event "*** Titled Tuesday Blitz"]
[Site "Chess.com"]
[Date "2020.05.12"]
[Round "1"]
[White "dolynachess"]
[Black "Alexander_Donchenko"]
[Result "0-1"]
[WhiteElo "2396"]
[BlackElo "2749"]
[TimeControl "180+1"]
[EndTime "10:05:47 PDT"]
[Termination "Alexander_Donchenko won on time"]

1. d4 Nf6 2. c4 e6 3. g3 c5 4. Nf3 cxd4 5. Nxd4 d5 6. Bg2 e5 7. Nc2 d4 8. O-O Nc6 9. b4 Be6 10. c5 Be7 11. f4 e4 12. Bb2 d3 13. exd3 exd3 14.
Ne1 Nxb4 15. Qa4+ Nc6 16. Nxd3 O-O 17. Rd1 Bf5 18. Qc4 Ng4 19. Nf2 Qa5 0-1

[Event "*** Titled Tuesday Blitz"]
[Site "Chess.com"]
[Date "2020.05.12"]
[Round "1"]
[White "Baby_Shak"]
[Black "Guachiney"]
[Result "1-0"]
[WhiteElo "2445"]
[BlackElo "2817"]
[TimeControl "180+1"]
[EndTime "10:05:48 PDT"]
[Termination "Baby_Shak won by resignation"]

1. d4 Nf6 2. Bf4 Nh5 3. Bd2 g6 4. e4 d6 5. Nf3 Bg7 6. Nc3 O-O 7.
Be3 a6 8. Qd2 Nc6 9. O-O-O b5 10.
Bd3 b4 11. Ne2 a5 12. Bh6 Bg4 13. Ng3 Nf6 14. Bb5 Na7 15. Ba4 c6 16. h3 Bxf3 17. gxf3 e6 18. h4 d5 19. e5 Nd7 20. h5 Qe7 21. Rh2 Bxh6 22. Qxh6 g5 23. f4 Kh8 24. fxg5 Rg8 25. g6 Rg7 26. f4 fxg6 27. hxg6 Nf8 28. f5 Qd7 29. Nh5 exf5 30. Nxg7 Qxg7 31. Qxg7+ Kxg7 32. gxh7 Nxh7 33. Rg1+ 1-0

[Event "*** Titled Tuesday Blitz"]
[Site "Chess.com"]
[Date "2020.05.12"]
[Round "1"]
[White "Durarbayli"]
[Black "kleopl"]
[Result "1-0"]
[WhiteElo "2796"]
[BlackElo "2415"]
[TimeControl "180+1"]
[EndTime "10:05:48 PDT"]
[Termination "Durarbayli won by resignation"]

1. e4 d5 2. exd5 Qxd5 3. Nf3 Bg4 4. Be2 Nc6 5. Nc3 Qd7 6. d4 O-O-O 7. d5 Nb4 8. Ne5 Bxe2 9. Qxe2 Qf5 10. O-O Nxd5 11. Nb5 Kb8 12. Rd1 a6 13. Nd4 Qf6 14. Bg5 Qxg5 15.
Nxf7 Nf4 16. Nc6+ bxc6 17. Rxd8+ Kb7 18. Nxg5 Nxe2+ 19. Kf1 Nh6 20. Kxe2 e5 21. Ne6 1-0

[Event "*** Titled Tuesday Blitz"]
[Site "Chess.com"]
[Date "2020.05.12"]
[Round "1"]
[White "AGW2016"]
[Black "yamalchess"]
[Result "0-1"]
[WhiteElo "2126"]
[BlackElo "2510"]
[TimeControl "180+1"]
[EndTime "10:05:49 PDT"]
[Termination "yamalchess won by checkmate"]

1. e4 e5 2. Nf3 Nc6 3. Bc4 Nf6 4. d3 Bc5 5. O-O O-O 6. c3 d5 7. exd5 Nxd5 8. Re1 Bg4 9. h3 Bh5 10. b4 Bb6 11. b5 Na5 12. Rxe5 Nf6 13. Nbd2 Qd7 14. d4 c5 15. bxc6 Qxc6 16. Qf1 Bxf3 17. gxf3 Rac8 18. Bb3 Qxc3 19. Rb1 Qxd4 20. Re7 Qh4 21. Bb2 Nxb3 22. axb3 Ng4 23. Re2 Nxf2 24. Rxf2 Qg3+ 25. Qg2 Bxf2+ 26.
Kf1 Qxg2+ 27. Kxg2 Rc2 28. Kxf2 Rxd2+ 29. Ke3 Rfd8 30.
Be5 f6 31. Bf4 g5 32. Bc7 R8d3+ 33. Ke4 Kf7 34. Ra1 Ke6 35. Ra5 b6 36. Rb5 f5+ 37.
Rxf5 Rd4+ 38. Ke3 Kxf5 39. b4 R4d3# 0-1

[Event "*** Titled Tuesday Blitz"]
[Site "Chess.com"]
[Date "2020.05.12"]
[Round "1"]
[White "PotapovaM"]
[Black "Harut-1998"]
[Result "0-1"]
[WhiteElo "2394"]
[BlackElo "2749"]
[TimeControl "180+1"]
[EndTime "10:05:50 PDT"]
[Termination "Harut-1998 won by resignation"]

1. d4 Nf6 2. c4 e6 3. Nf3 d5 4. g3 dxc4 5. Bg2 a6 6. O-O Nc6 7. e3 Rb8 8. Nfd2 e5 9. Bxc6+ bxc6 10. dxe5 Ng4 11. Nxc4 Be6 12. Nbd2 Bb4 13. b3 h5 14. Bb2 h4 15. Nf3 hxg3 16. hxg3 Qd5 17. Qe2 Qe4 18. Nh4 g5 19. f3 Bxc4 20. bxc4 Qxe3+ 21. Qxe3 Nxe3 22. e6 Rh7 23. exf7+ Kxf7 24. Ng2 Nxf1 25.
Kxf1 Bc5 26. Ke2 Rh2 0-1

[Event "*** Titled Tuesday Blitz"]
[Site "Chess.com"]
[Date "2020.05.12"]
[Round "1"]
[White "Funkmaus"]
[Black "Snegokhod"]
[Result "0-1"]
[WhiteElo "2206"]
[BlackElo "2544"]
[TimeControl "180+1"]
[EndTime "10:05:51 PDT"]
[Termination "Snegokhod won by resignation"]

1. d4 Nf6 2. Nf3 g6 3. g3 Bg7 4. Bg2 O-O 5. O-O d5 6. c4 dxc4 7. Na3 c5 8. e3 cxd4 9. Nxd4 e5 10. Nf3 c3 11. bxc3 Nc6 12. Nc4 Nd5 13. Ba3 Nxc3 14.
Qb3 Ne2+ 15. Kh1 e4 16. Nd4 Nexd4 17. exd4 Nxd4 18. Qd1 Bf5 19. Nd6 Re8 20. Nxe8 Qxe8 21. Bb2 Rd8 22. Bxd4 Bxd4 23. Rb1 Bxf2 24. Qe2 e3 25. Rxb7 Be4 26. Rxa7 Bxg2+ 27. Kxg2 Rd2 28. Qf3 e2 29. Rxf2 e1=Q 30. Rxf7 Rxf2+ 31. Qxf2 Q1e4+ 32. Kh3 Qxf7 0-1

[Event "*** Titled Tuesday Blitz"]
[Site "Chess.com"]
[Date "2020.05.12"]
[Round "1"]
[White "umngqusho"]
[Black "larisakalinina"]
[Result "1-0"]
[WhiteElo "2488"]
[BlackElo "2011"]
[TimeControl "180+1"]
[EndTime "10:05:51 PDT"]
[Termination "umngqusho won by checkmate"]

1. e4 c5 2. Nf3 Nc6 3. d4 cxd4 4. Nxd4 Nf6 5. Nc3 d6 6. Bc4 Qb6 7. Nb3 e6 8. Be3 Qc7 9. Bd3 a6 10. f4 Be7 11. Qf3 O-O 12. O-O b5 13. a3 Bb7 14.
Qh3 g6 15. Kh1 Rfd8 16. f5 Ne5 17. fxe6 fxe6 18. Qxe6+ Kg7 19. Qh3 Bc8 20. Qh6+ Kg8 21. h3 Neg4 22. hxg4 Nxg4 23. Qf4 Nxe3 24. Qxe3 Be6 25.
Nd4 Bf7 26. Nd5 Bxd5 27. exd5 Qd7 28. Qe6+ Qxe6 29. Nxe6 Rdc8 30. a4 b4 31. a5 Bh4 32.
Kh2 Ra7 33. g3 Bd8 34. Rf8# 1-0

[Event "*** Titled Tuesday Blitz"]
[Site "Chess.com"]
[Date "2020.05.12"]
[Round "1"]
[White "gmelviro"]
[Black "davidkalashian"]
[Result "0-1"]
[WhiteElo "2143"]
[BlackElo "2513"]
[TimeControl "180+1"]
[EndTime "10:05:52 PDT"]
[Termination "davidkalashian won by resignation"]

1. c4 Nf6 2. g3 e6 3. Bg2 d5 4. Nf3 Be7 5. O-O O-O 6. d4 dxc4 7. Na3 Bxa3 8. bxa3 c6 9. Ne5 b5 10. Nxc6 Nxc6 11.
Bxc6 Rb8 12. Bf4 Rb6 13. Bg2 Bb7 14. Bxb7 Rxb7 15. Rb1 Nd5 16. Bd2 c3 17. Bc1 Qc7 18. Qc2 f5 19. e4 fxe4 20. Qxe4 Rb6 21. Be3 Qc4 22. Rfc1 a5 23. Rb3 b4 24. axb4 axb4 25. a3 Qxb3 0-1

[Event "*** Titled Tuesday Blitz"]
[Site "Chess.com"]
[Date "2020.05.12"]
[Round "1"]
[White "Off-War"]
[Black "eightbyeightchess"]
[Result "1-0"]
[WhiteElo "2754"]
[BlackElo "2399"]
[TimeControl "180+1"]
[EndTime "10:05:53 PDT"]
[Termination "Off-War won by resignation"]

1. d4 d5 2. c4 c6 3. Nf3 Nf6 4. Nc3 dxc4 5. e4 b5 6. Be2 e6 7. O-O Be7 8. a4 b4 9. e5 Nd5 10. Ne4 h6 11. Bxc4 O-O 12. a5 Nd7 13. Qa4 c5 14.
dxc5 Nxc5 15. Nxc5 Bxc5 16. Qc6 Qe7 17. Qxa8 Bb7 18. Qxf8+ Qxf8 19. Rd1 g5 20. Be2 Nf4 21. Bxf4 gxf4 22. Rac1 Bd5 23. Ne1 Be7 24. Bf3 Bxf3 25. Nxf3 f6 26. Rd7 fxe5 27. Nxe5 Bf6 28. Ng6 Qe8 29. Rcc7 Bxb2 30. Rb7 Bc3 31. Rdc7 b3 32.
Rxc3 b2 33. Rc8 1-0

[Event "*** Titled Tuesday Blitz"]
[Site "Chess.com"]
[Date "2020.05.12"]
[Round "1"]
[White "Spartakus1975"]
[Black "MariaFominykh"]
[Result "1-0"]
[WhiteElo "2709"]
[BlackElo "2368"]
[TimeControl "180+1"]
[EndTime "10:05:55 PDT"]
[Termination "Spartakus1975 won by resignation"]

1. e4 d6 2. d4 Nf6 3. Nc3 e5 4.
dxe5 dxe5 5. Qxd8+ Kxd8 6. Bg5 Be6 7. g3 Be7 8. f4 h6 9. O-O-O+ Ke8 10. Bxf6 Bxf6 11. Nf3 Bg4 12. Be2 exf4 13. gxf4 Bxc3 14. bxc3 Nd7 15. Rhg1 Bxf3 16. Bxf3 g6 17. e5 c6 18. e6 Nf6 19. Rge1 fxe6 20. Rxe6+ Kf7 21. Rdd6 Nh5 22. Rxg6 Ng7 23. Be2 Nf5 24. Rdf6+ Ke7 25. Rxf5 1-0

[Event "*** Titled Tuesday Blitz"]
[Site "Chess.com"]
[Date "2020.05.12"]
[Round "1"]
[White "gusmaster2262"]
[Black "PaulfromSPb"]
[Result "0-1"]
[WhiteElo "2306"]
[BlackElo "2628"]
[TimeControl "180+1"]
[EndTime "10:05:55 PDT"]
[Termination "PaulfromSPb won on time"]

1. d4 Nf6 2. c4 e6 3. Nf3 b6 4.
g3 Ba6 5. Qc2 c5 6. d5 exd5 7.
cxd5 Bb7 8. Bg2 Nxd5 9. O-O Be7 10. Rd1 Nc7 11. e4 Nc6 12. Nc3 O-O 13. Bf4 Ne6 14. Be3 f6 15. Nd5 Qe8 16. Nh4 Ned4 17. Qd2 Rc8 18. Nf5 Nxf5 19. exf5 Rf7 20. a3 Ba8 21.
Nf4 Ne5 22. Bxa8 Rxa8 23. Qe2 Bf8 24. Nd5 Rc8 25. Rac1 Nc6 26. Qf3 Qe5 27. Rd2 Re8 28. h4 Qe4 29. Qxe4 Rxe4 30. Nc3 Re5 31. Rcd1 Rxf5 32. Rxd7 Re5 33. Rxf7 Kxf7 34. Rd7+ Re7 35. Rd2 Ne5 36. Kg2 Rd7 0-1

[Event "*** Titled Tuesday Blitz"]
[Site "Chess.com"]
[Date "2020.05.12"]
[Round "1"]
[White "petincash"]
[Black "nubair1198"]
[Result "1-0"]
[WhiteElo "2399"]
[BlackElo "2709"]
[TimeControl "180+1"]
[EndTime "10:05:56 PDT"]
[Termination "petincash won by resignation"]

1. e4 g6 2. h4 d5 3. exd5 Nf6 4.
Nc3 Nxd5 5. h5 Bg7 6. h6 Bf6 7. Ne4 Nc6 8. Nxf6+ exf6 9. d4 O-O 10. Be2 Re8 11. Nf3 Qd6 12. c3 Bg4 13. Kf1 Nf4 14.
Bc4 Re7 15. Rh4 f5 16. Be3 Rae8 17. Qd2 Re4 18. Ng5 Rxe3 19. Bxf7+ Kf8 20. fxe3 Ne2 21. Rxg4 Ng3+ 22. Rxg3 Qxg3 23. Bxe8 Kxe8 24. Nf3 Ne7 25. Qf2 Qg4 26. Qh4 Nd5 27. Qxg4 Nxe3+ 28. Kg1 Nxg4 29. Ng5 Kf8 30. Nxh7+ Kg8 31. Ng5 Nxh6 32. Re1 Kf8 33. Ne6+ Ke7 34. Nxc7+ Kd7 35. Nd5 Ng4 36. Ne3 Nf6 37. Nc4 g5 38. Ne5+ Kc7 39. Nf7 Ne4 40.
Rxe4 fxe4 41. Kf2 e3+ 42. Kxe3 1-0

[Event "*** Titled Tuesday Blitz"]
[Site "Chess.com"]
[Date "2020.05.12"]
[Round "1"]
[White "Margarita2907"]
[Black "Gergo85"]
[Result "0-1"]
[WhiteElo "1986"]
[BlackElo "2480"]
[TimeControl "180+1"]
[EndTime "10:05:56 PDT"]
[Termination "Gergo85 won by resignation"]

1. d4 d5 2. Nf3 Nf6 3. e3 Bg4 4. Be2 e6 5. O-O Bd6 6. h3 Bh5 7. Nbd2 O-O 8. b3 c5 9. Bb2 cxd4 10. Nxd4 Bxe2 11. Qxe2 Nc6 12. c4 Nxd4 13. Bxd4 Qe7 14. cxd5 Nxd5 15. Ne4 Ba3 16. Rad1 Rac8 17. Rd2 f5 18.
Ng3 b6 19. Rc2 Nb4 20. Rxc8 Rxc8 21. Nh5 e5 22. Ba1 g6 23. Ng3 Rc2 24. Qb5 Rc5 25. Qa4 Ra5 0-1

[Event "*** Titled Tuesday Blitz"]
[Site "Chess.com"]
[Date "2020.05.12"]
[Round "1"]
[White "Misha_Bilous"]
[Black "MoreChessJulia"]
[Result "1-0"]
[WhiteElo "2469"]
[BlackElo "1790"]
[TimeControl "180+1"]
[EndTime "10:05:56 PDT"]
[Termination "Misha_Bilous won by resignation"]

1. d4 c6 2. c4 d6 3. Nc3 Nf6 4.
e4 g6 5. f3 Bg7 6. Be3 O-O 7.
Nge2 a6 8. Qd2 b5 9. g4 Re8 10. Ng3 Bxg4 11. fxg4 Nxg4 12. Be2 Nxe3 13. Qxe3 Nd7 14.
Bd3 e5 15. d5 cxd5 16. cxd5 Nc5 17. O-O b4 18. Nce2 Qh4 19. Bc2 Bh6 20. Qf3 Re7 21. Kh1 Rf8 22. Rg1 f5 23. Nxf5 Rxf5 24. exf5 e4 25. Qg3 Qxg3 26. Nxg3 Bf4 27. fxg6 hxg6 28. Nf5 Rh7 29. Rxg6+ Kf7 30. Rg2 Be5 31. Rf1 Ke8 32. Ng3 Bxb2 33. Nxe4 Nxe4 34. Bxe4 Be5 35. Bxh7 1-0

[Event "*** Titled Tuesday Blitz"]
[Site "Chess.com"]
[Date "2020.05.12"]
[Round "1"]
[White "calin_dragomirescu"]
[Black "BaMBoMaTTo"]
[Result "0-1"]
[WhiteElo "2322"]
[BlackElo "2640"]
[TimeControl "180+1"]
[EndTime "10:05:57 PDT"]
[Termination "BaMBoMaTTo won by resignation"]

1. Nf3 c5 2. c4 Nc6 3. e3 Nf6 4. d4 cxd4 5. exd4 d5 6. Nc3 Bg4 7. cxd5 Nxd5 8. Bc4 Nb6 9. Bxf7+ Kxf7 10. Ng5+ Kg8 11. Qxg4 Nxd4 12. O-O Qd7 13. Qxd7 Nxd7 14. Rd1 e5 15. Be3 Bc5 16. Nge4 Bb6 17. Rac1 Kf7 18. Kf1 Nf6 19. Nd6+ Ke6 20. Nc4 Rhd8 21. Nxb6 axb6 22. a3 Rac8 23. Ne2 Nf5 24. Bxb6 Rxd1+ 25. Rxd1 Rc2 26. b4 Nd5 27. Bc5 b6 28. g4 Nh6 29. Be3 Nxg4 30.
Ra1 Ndxe3+ 31. fxe3 Nxe3+ 32. Kf2 Ng4+ 33. Kg3 Rxe2 34.
Kxg4 Rxh2 35. a4 Rb2 36. a5 Rxb4+ 0-1

[Event "*** Titled Tuesday Blitz"]
[Site "Chess.com"]
[Date "2020.05.12"]
[Round "1"]
[White "MacDaddyMac"]
[Black "viktorskliarov"]
[Result "0-1"]
[WhiteElo "2281"]
[BlackElo "2592"]
[TimeControl "180+1"]
[EndTime "10:05:57 PDT"]
[Termination "viktorskliarov won by resignation"]

1. e4 c5 2. Nc3 Nc6 3. f4 g6 4. Nf3 Bg7 5. Bb5 Nd4 6. O-O a6 7. Bc4 b5 8. Bd5 Rb8 9. e5 e6 10. Be4 d5 11. exd6 Qxd6 12. d3 f5 13. Ng5 fxe4 14.
Ncxe4 Qc7 15. c3 Nf5 16. g4 Nd6 17. Re1 Nxe4 18. Rxe4 Nf6 19. Nxe6 Bxe6 20. Rxe6+ Kf7 21. Rxa6 Rhe8 22. a4 b4 23. Qb3+ Kf8 24. g5 bxc3 25.
Qxc3 Nd5 26. Qc4 Nb4 27. Re6 Rxe6 28. Qxe6 Re8 29. Qc4 Re1+ 30. Kf2 Qe7 31. Bd2 Rxa1 32. Be3 Bd4 33. Bxd4 cxd4 34. Qc8+ Kg7 35. Qc4 Qe3+ 0-1

[Event "*** Titled Tuesday Blitz"]
[Site "Chess.com"]
[Date "2020.05.12"]
[Round "1"]
[White "ChessTraining77"]
[Black "lamomiablanca"]
[Result "1-0"]
[WhiteElo "2525"]
[BlackElo "2174"]
[TimeControl "180+1"]
[EndTime "10:05:57 PDT"]
[Termination "ChessTraining77 won on time"]

1. e4 d5 2. exd5 Qxd5 3. Nc3 Qd8 4. d4 Nf6 5. Bc4 g6 6. Nf3 Bg7 7. Ne5 O-O 8. O-O Nfd7 9. f4 Nxe5 10. dxe5 Qxd1 11. Rxd1 c6 12. Be3 Bf5 13. Rd2 b5 14.
Bb3 a5 15. a4 b4 16. Ne2 Be4 17. Ng3 Bd5 18. Bxd5 cxd5 19. Rxd5 Nc6 20. Rad1 Rfc8 21. Ne4 f6 22. exf6 exf6 23. Nc5 Re8 24. Kf2 f5 25. b3 Re7 26. Rd7 Rae8 27. Rxe7 Rxe7 28. Rd6 Na7 29. Ne6 1-0

[Event "*** Titled Tuesday Blitz"]
[Site "Chess.com"]
[Date "2020.05.12"]
[Round "1"]
[White "Yashasd1995"]
[Black "freshfoodcompany"]
[Result "1-0"]
[WhiteElo "2577"]
[BlackElo "2243"]
[TimeControl "180+1"]
[EndTime "10:05:58 PDT"]
[Termination "Yashasd1995 won by resignation"]

1. b3 d5 2. Bb2 c5 3. e3 Nc6 4. f4 Nf6 5. Nf3 Bg4 6. Bb5 e6 7. O-O Be7 8. Qe1 O-O 9. Bxc6 bxc6 10. Ne5 Bf5 11. Nxc6 Qd7 12. Nxe7+ Qxe7 13. d3 c4 14. Ba3 Qc7 15. Bxf8 Rxf8 16. bxc4 dxc4 17. e4 Qc5+ 18. Qf2 Qxf2+ 19. Rxf2 Bg6 20. h3 cxd3 21. cxd3 h6 22. Nd2 Rd8 23. Rf3 Nd7 24. f5 exf5 25. exf5 Bh7 26.
Nc4 Nc5 27. Rd1 g6 28. d4 gxf5 29. Ne3 Ne6 30. d5 Nc5 31. Nxf5 Ne4 32. Nxh6+ Kg7 33. Nxf7 Rf8 34. Ne5 Rxf3 35. Nxf3 Nc3 36. Rd2 Ne4 37. Rd4 Nc3 38. Kf2 Bf5 39. g4 1-0

[Event "*** Titled Tuesday Blitz"]
[Site "Chess.com"]
[Date "2020.05.12"]
[Round "1"]
[White "PlayChessSimple"]
[Black "harkerchess"]
[Result "1-0"]
[WhiteElo "2479"]
[BlackElo "1971"]
[TimeControl "180+1"]
[EndTime "10:05:58 PDT"]
[Termination "PlayChessSimple won by checkmate"]

1. e4 e5 2. Nf3 Nc6 3. Nc3 Nf6 4.
Bb5 Bd6 5. d3 O-O 6. Ba4 h6 7.
g4 Nxg4 8. Rg1 Nxf2 9. Kxf2 Bc5+ 10. Be3 Bxe3+ 11. Kxe3 d6 12. Qd2 f5 13. Qg2 Qf6 14. Nd5 Qf7 15. Bb3 Be6 16. Nf6+ Qxf6 17. Bxe6+ Kh8 18.
Bxf5 Ne7 19. Raf1 d5 20. Nh4 Rg8 21. Ng6+ Nxg6 22. Qxg6 Qxg6 23. Rxg6 d4+ 24. Kd2 Rgf8 25. Rfg1 Rf7 26. R1g2 Raf8 27. Re6 g6 28. Rgxg6 Rh7 29.
Rxh6 Rxh6 30. Rxh6+ Kg7 31. Rh7+ Kf6 32. Rxc7 Rh8 33.
h3 Rh7 34. Bxh7 Kg5 35. Rxb7 Kf4 36. Rxa7 Kf3 37. Rf7+ Kg3 38. a4 Kg2 39. a5 Kh1 40. a6 Kh2 41. a7 Kh1 42. a8=Q Kh2 43. Qa1 Kg2 44. Qf1+ Kh2 45. Rf2+ Kg3 46. Qg2+ Kh4 47. Qg4# 1-0

[Event "*** Titled Tuesday Blitz"]
[Site "Chess.com"]
[Date "2020.05.12"]
[Round "1"]
[White "BrianEscalante"]
[Black "Azoulas1"]
[Result "1/2-1/2"]
[WhiteElo "2465"]
[BlackElo "1917"]
[TimeControl "180+1"]
[EndTime "10:05:58 PDT"]
[Termination "Game drawn by repetition"]

1. e4 c5 2. Nf3 e6 3. c3 Nf6 4. e5 Nd5 5. d4 cxd4 6. cxd4 d6 7.
a3 b6 8. Bd3 Bb7 9. O-O Nd7 10.
Qe2 Rc8 11. b4 Be7 12. Be4 O-O 13. Rd1 a6 14. g3 b5 15. Bb2 Rc4 16. Nbd2 Rc8 17. Rac1 dxe5 18. dxe5 Qb6 19. Bd4 Qd8 20. Nb3 Ba8 21. Rxc8 Qxc8 22. Rc1 Qd8 23. Qc2 g6 24. Na5 Bg5 25. Nc6 Bxc6 26. Nxg5 Qxg5 27. Qxc6 Nxe5 28. Bxe5 Qxe5 29. Bxd5 exd5 30. Qxa6 Qb2 31. Rd1 Qe2 32. Rd4 Qe1+ 33. Kg2 Qe5 34. Rd1 Qe2 35. Rd4 Qe5 36. Rd1 Qe2 37. Rd4 Qe5 1/2-1/2

[Event "*** Titled Tuesday Blitz"]
[Site "Chess.com"]
[Date "2020.05.12"]
[Round "1"]
[White "Redbandit87"]
[Black "ameetghasi100"]
[Result "0-1"]
[WhiteElo "2394"]
[BlackElo "2750"]
[TimeControl "180+1"]
[EndTime "10:05:59 PDT"]
[Termination "ameetghasi100 won by resignation"]

1. d4 Nf6 2. Bf4 g6 3. Nc3 Bg7 4. Qd2 h6 5. h4 d6 6. O-O-O c6 7. e4 b5 8. f3 b4 9. Na4 Qa5 10. b3 Nbd7 11. a3 Rb8 12. e5 Nd5 13. exd6 Nxf4 14.
Qxf4 bxa3 15. dxe7 a2 16. Kb2 Qxa4 17. Ne2 c5 18. Qxb8 a1=Q+ 19. Rxa1 Qxa1+ 20. Kxa1 Nxb8 21. c3 cxd4 22. Nxd4 Bxd4 23. cxd4 Kxe7 24. Bc4 Be6 25. d5 Bd7 26. Re1+ Kd6 27. Kb2 a6 28. Kc3 Rc8 29.
Kd4 Rc5 30. f4 h5 31. g3 a5 32. Rb1 Bb5 33. Re1 Na6 34. f5 gxf5 35. Re5 Bxc4 36. Rxf5 Rxd5+ 0-1

[Event "*** Titled Tuesday Blitz"]
[Site "Chess.com"]
[Date "2020.05.12"]
[Round "1"]
[White "WPWPWP-2015"]
[Black "Sashadav97"]
[Result "0-1"]
[WhiteElo "2410"]
[BlackElo "2775"]
[TimeControl "180+1"]
[EndTime "10:06:00 PDT"]
[Termination "Sashadav97 won by resignation"]

1. e4 c5 2. Nf3 Nc6 3. Bb5 g6 4. O-O Bg7 5. c3 e5 6. d4 cxd4 7. cxd4 exd4 8. Bg5 Nge7 9. Nbd2 O-O 10. Re1 a5 11.
Nc4 d6 12. Rc1 Bg4 13. h3 Bxf3 14. Qxf3 Ne5 15. Qa3 h6 16. Bxe7 Qxe7 17. Qxd6 Qg5 18. Nxe5 Bxe5 19. Qd5 Rad8 20. Qxb7 d3 21. Rcd1 Rb8 22.
Qa6 Rxb5 23. Rxd3 Rxb2 24. a4 Qf4 0-1